AoeStats
← LionelTupac

Arabia

509767961Analyzed
2v2 RM · 5d ago on Sep 27, 2026· 37m 1s· 4 players
Game mode
Random Map
Map size
Medium (4 player)
Population
200
Speed
Normal
Resources
Standard
Victory
Conquest
Starting age
Dark Age
Ending age
Imperial Age
RankedLock teamsTeams togetherTeam positionsShared explorationLock speedFull tech treeHidden civsTurbo modeCheats
Victory
Defeat
🇦🇷 Franks · Argentina
820
+13
🇦🇷 Ethiopians · Argentina
784
+14
🇨🇱 Spanish · Chile
759
-14
🇲🇽 Bengalis · Mexico
748
-13
mauri90.hermosilla
10:30 Feudal Age
10:15 Loom
14:30 Castle Age
13:08 Stone Mining
13:57 Double-Bit Axe
22:46 Fletching
23:22 Bodkin Arrow
32:02 Padded Archer Armor
34:46 Husbandry
34:57 Bloodlines
35:20 Forging
35:17 Scale Barding Armor
35:09 Gold Mining
RicardoIsma02
1:53 Loom
2:19 Loom
11:41 Feudal Age
13:03 Double-Bit Axe
13:34 Horse Collar
20:44 Castle Age
MartínFierro
5:27 Loom
10:34 Feudal Age
11:03 Double-Bit Axe
11:02 Horse Collar
26:26 Castle Age
26:23 Fletching
26:39 Crossbowman
26:39 Elite Skirmisher
27:24 Thumb Ring
28:53 Wheelbarrow
29:22 Padded Archer Armor
29:17 Bodkin Arrow
37:04 Ballistics
39:58 Imperial Age
LionelTupac
6:29 Loom
11:00 Feudal Age
11:51 Double-Bit Axe
17:20 Scale Barding Armor
22:08 Town Watch
32:22 Castle Age
32:04 Stone Mining
34:04 Bow Saw
35:31 Fletching
35:46 Squires
Connection lost

Rejoining the realm…

Still unreachable

The connection could not be restored.

Session expired

The server has moved on; the page needs a fresh start.